 Dungeon Crawl Stone Soup version 0.23.2-1-ga50397a6bc (webtiles) character file.

Game seed: 9708262587901207029

491 Andrea the Insei (level 7, -2/45 HPs)
             Began as an Octopode Transmuter on May 28, 2019.
             Splashed by a jelly's acid (6 damage)
             ... on level 5 of the Dungeon.
             The game lasted 00:08:14 (4709 turns).

Andrea the Insei (Octopode Transmuter)              Turns: 4709, Time: 00:08:15

Health: -2/45      AC: -11   Str: 11    XL:     7   Next: 14%
Magic:  11/11      EV: 13    Int: 16    God:
Gold:   185        SH:  0    Dex: 12    Spells: 2/12 levels left

rFire    . . .     SeeInvis .     - Unarmed
rCold    . . .     Gourm    .   (no shield)
rNeg     + . .     Faith    .   (helmet restricted)
rPois    .         Spirit   .   (no amulet)
rElec    .         Reflect  .   (no ring)
rCorr    .         Harm     .   t - ring of positive energy
MR       .....                  (no ring)
Stlth    ++........             (no ring)
HPRegen  0.15/turn              (no ring)
MPRegen  0.12/turn              (no ring)
                                (no ring)
                                (no ring)

@: corroded
A: almost no armour, stealthy swim, amphibious, 8 rings, constrict 8, camouflage
1, gelatinous body 1
a: no special abilities


You were on level 5 of the Dungeon.
You were not hungry.

You visited 1 branch of the dungeon, and saw 5 of its levels.

You collected 185 gold pieces.

Inventory:

Hand Weapons
 n - a +0 blowgun
Missiles
 a - 63 arrows
 o - 28 poisoned needles
Jewellery
 h - an uncursed amulet of harm {unknown}
 t - a ring of positive energy (right tentacle)
Wands
 d - a wand of disintegration (11)
Scrolls
 b - 3 scrolls of remove curse
 e - a scroll of identify
 f - a scroll of fear {unknown}
 g - 2 scrolls of teleportation {unknown}
 k - a scroll of magic mapping
 m - 2 scrolls of fog {unknown}
 s - a scroll of enchant armour {unknown}
 u - a scroll of enchant weapon {unknown}
Potions
 i - 3 potions of lignification {unknown}
 j - 2 potions of mutation {unknown}
 l - 3 potions of haste
 p - a potion of brilliance {unknown}
 q - 5 potions of curing {unknown}
 r - a potion of might {unknown}
 v - a potion of ambrosia {unknown}
Comestibles
 c - 7 rations


   Skills:
 + Level 2.9 Fighting
 - Level 2.0 Dodging
 * Level 5.0 Unarmed Combat
 + Level 3.1 Spellcasting
 * Level 4.4 Transmutations
 - Level 2.0 Poison Magic


You had 2 spell levels left.
You knew the following spells:

 Your Spells              Type           Power        Failure   Level  Hunger
a - Beastly Appendage     Tmut           ###...       3%          1    None
b - Sticks to Snakes      Tmut           ###.....     4%          2    ##.....
c - Spider Form           Tmut/Pois      ##........   16%         3    ###....
d - Ice Form              Ice/Tmut       #.......     58%         4    ####...

Your spell library contained the following spells:

 Spells                   Type           Power        Failure   Level  Hunger
 Blade Hands              Tmut           ###.......   63%         5    ######.


Dungeon Overview and Level Annotations

Branches:
Dungeon (5/15)
 Temple: D:4-7

Altars:
Dithmenos
Trog

Shops:
D:4 %


Innate Abilities, Weirdness & Mutations

You cannot wear most types of armour.
You are very stealthy in the water. (Stealth+)
You are amphibious.
You can wear up to eight rings at the same time.
You can use your tentacles to constrict eight enemies at once.
Your skin changes colour to match your surroundings (Stealth+).
Your rubbery body absorbs attacks. (AC +1, EV +1)


Message History

The acid corrodes you!
Your tentacles burn!
You squeeze the jelly, but do no damage.
The jelly is severely wounded.
The jelly barely misses you.
You tentacle-slap the jelly but do no damage.
The acid corrodes you!
Your tentacles burn!
The jelly is severely wounded.
The jelly hits you.
You are splashed with acid!
You tentacle-slap the jelly but do no damage.
Your tentacles burn!
* * * LOW HITPOINT WARNING * * *
The jelly is severely wounded.
The jelly hits you.
* * * LOW HITPOINT WARNING * * *
The acid corrodes you!
You are splashed with acid.
* * * LOW HITPOINT WARNING * * *
The jelly hits you.
* * * LOW HITPOINT WARNING * * *
The acid corrodes you!
You are splashed with acid.
You die...

.....####.###.........#
...######.........<...#
.## #..<...###....)...#
#..####..#####.##### ..
##.# #.# .# #.# .# #.#
.# ##J# .. #@.#
.##.....# ###...# #..##
...# #.## #.# #.#


You could see a jelly.

Vanquished Creatures
  2 ogres (D:4)
  A bullfrog (D:5)
  A howler monkey (D:4)
  An orc wizard (D:4)
  A worker ant (D:4)
  3 gnolls
  3 adders
  2 oozes
  4 worms
  An adder skeleton (D:4)
  5 dart slugs
  9 orcs
  2 giant cockroaches
  2 goblins
  15 hobgoblins
  2 jackals (D:1)
  6 kobolds
  2 quokkas
  6 bats
  3 frilled lizards
  8 rats
79 creatures vanquished.

Notes
Turn   | Place    | Note
-------+----------+-------------------------------------------
     0 | D:1      | Andrea the Octopode Transmuter began the quest for the Orb.
     0 | D:1      | Reached XP level 1. HP: 13/13 MP: 3/3
   128 | D:1      | Reached XP level 2. HP: 16/18 MP: 5/5
   151 | D:1      | Learned a level 2 spell: Sticks to Snakes
   518 | D:1      | Reached XP level 3. HP: 17/23 MP: 6/6
   830 | D:1      | Learned a level 3 spell: Spider Form
  1267 | D:2      | Reached skill level 1 in Poison Magic
  1267 | D:2      | Reached XP level 4. HP: 26/29 MP: 5/7
  2150 | D:3      | Found a shadowy altar of Dithmenos.
  2162 | D:3      | Found a bloodstained altar of Trog.
  2469 | D:3      | Reached XP level 5. HP: 31/34 MP: 6/8
  3140 | D:4      | Noticed an ogre
  3153 | D:4      | Killed an ogre
  3153 | D:4      | Reached skill level 4 in Unarmed Combat
  3163 | D:4      | Reached XP level 6. HP: 33/40 MP: 7/10
  3232 | D:4      | Learned a level 4 spell: Ice Form
  3773 | D:4      | Found Qobriq's Food Shoppe.
  3930 | D:5      | Entered Level 5 of the Dungeon
  4386 | D:5      | Reached skill level 5 in Unarmed Combat
  4386 | D:5      | Reached XP level 7. HP: 20/45 MP: 6/11
  4709 | D:5      | Splashed by a jelly's acid

Skill      XL: |  1  2  3  4  5  6 |
---------------+-------------------+-----
Poison Magic   | 1 2 |  2.0
Transmutations | 3 4 |  4.4
Fighting       | 2 |  2.9
Unarmed Combat | 4 5 |  5.0
Spellcasting   | 3 |  3.1
Dodging        | |  2.0

Action                   |  1- 3 |  4- 6 |  7- 9 || total
-------------------------+-------+-------+-------++-------
Melee: Unarmed           |    68 |   118 |     8 ||   194
       Constrict         |    18 |    20 |     1 ||    39
       Tentacles         |    13 |     9 |     1 ||    23
       Kick              |    12 |    19 |       ||    31
       Punch             |     1 |       |       ||     1
 Fire: Blowgun           |       |     1 |     2 ||     3
 Cast: Beastly Appendage |    14 |    19 |       ||    33
       Spider Form       |       |     7 |       ||     7
  Use: Scroll            |       |     3 |       ||     3
 Stab: Sleeping          |     5 |     1 |       ||     6
  Eat: Chunk             |     1 |    10 |       ||    11
       Ration            |       |       |     1 ||     1
Armor: Skin              |     1 |     4 |       ||     5
Dodge: Dodged            |    32 |    78 |     4 ||   114
